 Dungeon Crawl Stone Soup version 0.28.0 (webtiles) character file.

Game seed: 9770089916514250058

221 freelancePsychic the Magician (level 5, -2/31 HPs)
             Began as a Deep Elf Warper on Feb 17, 2022.
             Was a Follower of Elyvilon.
             Killed from afar by Blork the orc (8 damage)
             ... with a puff of flame
             ... on level 4 of the Dungeon.
             The game lasted 00:10:01 (4510 turns).

freelancePsychic the Magician (Deep Elf Warper)     Turns: 4510, Time: 00:10:02

Health: -2/31      AC:  3    Str:  8    XL:     5   Next: 65%
Magic:  10/13      EV: 12    Int: 20    God:    Elyvilon [*.....]
Gold:   154        SH:  0    Dex: 14    Spells: 10/13 levels left

rFire   . . .      SeeInvis .   a - +0 short sword
rCold   . . .      Faith    .   (no shield)
rNeg    . . .      Spirit   .   i - +1 robe {Will+}
rPois   .          Reflect  .   (no helmet)
rElec   .          Harm     .   (no cloak)
rCorr   .          Rampage  .   (no gloves)
Will    +....                   (no boots)
Stlth   ++........              (no amulet)
HPRegen 0.10/turn               (no ring)
MPRegen 0.13/turn               (no ring)

@: freezing walls, attractive
A: no striking features
a: Renounce Religion, Purification


You were on level 4 of the Dungeon.
You worshipped Elyvilon.
Elyvilon was aware of your devotion.
You visited 1 branch of the dungeon, and saw 4 of its levels.

You collected 154 gold pieces.

Inventory:

Hand Weapons
 a - a +0 short sword (weapon)
Armour
 b - a +0 leather armour
 i - a +1 robe of willpower (worn)
Wands
 d - a wand of flame (24) {@v2}
 h - a wand of paralysis (12)
Scrolls
 c - 2 scrolls of blinking
 e - a scroll of enchant weapon {unknown}
Potions
 g - a potion of haste {@q3}
 j - a potion of attraction


   Skills:
 + Level 2.4 Fighting
 - Level 2.4 Short Blades
 - Level 1.0 Throwing
 - Level 0.7 Armour
 - Level 2.4 Dodging
 - Level 1.4 Stealth
 + Level 4.5 Spellcasting
 - Level 3.2 Translocations
 * Level 3.9 Ice Magic
 + Level 1.0 Invocations


You had 10 spell levels left.
You knew the following spells:

 Your Spells              Type           Power      Damage    Failure   Level
a - Frozen Ramparts       Ice            40%        1d6       8%          3

Your spell library contained the following spells:

 Spells                   Type           Power      Damage    Failure   Level
 Blink                    Tloc           34%        N/A       4%          2
 Gell's Gravitas          Tloc           17%        N/A       10%         3
 Lesser Beckoning         Tloc           17%        N/A       10%         3
 Teleport Other           Tloc           17%        N/A       10%         3
 Ice Form                 Ice/Tmut       12%        N/A       47%         4
 Summon Ice Beast         Ice/Summ       12%        N/A       47%         4
 Manifold Assault         Tloc           17%        N/A       65%         5
 Storm Form               Tmut/Air       2%         N/A       100%        7


Dungeon Overview and Level Annotations

Branches:
Dungeon (4/15)
 Temple: D:4-7

Altars:
Elyvilon

Shops:
D:3 =

Annotations:
D:4 exclusion: skeleton, Blork the orc


Message History

You start waiting.
Blork the orc is nearby!
Casting: Frozen Ramparts (quite dangerous; 8% risk of failure)
Confirm with . or Enter, or press ? or * to list all spells.
The spell is quite dangerous to miscast (8% risk of failure)!
Continue anyway?
Casting: Frozen Ramparts (quite dangerous; 8% risk of failure)
Press: ? - help, Dir - look around, f - activate The walls around you are covered in ice.
The wall freezes Blork the orc.
You barely miss Blork the orc.
Blork the orc is lightly wounded.
The wall freezes Blork the orc.
Blork the orc hits you with a +0 scimitar!
The wall freezes Blork the orc.
Blork the orc points at you and mumbles some strange words.
The magic dart hits you.
It was a potion of attraction.
You feel attractive to monsters.
The wall freezes Blork the orc.
Blork the orc screams, "Die!"
Blork the orc points at you and mumbles some strange words.
The magic dart hits you.
It was a potion of curing.
You feel better.
The wall freezes Blork the orc but does no damage.
Blork the orc barely misses you.
The wall freezes Blork the orc.
Blork the orc hits you with a +0 scimitar!
You hit Blork the orc.
Blork the orc is heavily wounded.
The wall freezes Blork the orc.
Blork the orc points at you and mumbles some strange words.
The puff of flame hits you.
You barely miss Blork the orc.
Blork the orc is severely wounded.
The wall freezes Blork the orc.
Blork the orc hits you with a +0 scimitar.
* * * LOW HITPOINT WARNING * * *
The wall freezes Blork the orc.
Blork the orc gestures at you while chanting.
The puff of flame hits you!
You die...

## .## ##############
#.## #.....##...(.#
##)###.....##.....#
#.#.##....†.†.....#
.#...#.....##.....###
...........##.......#
.#...########.#.###.#
.##.## #.....@o..#
.##.# #.#.#.##..#
.##.# #.#.#..#..#
.##+# #.#.##.#..# .#
#.#.##.#..# ..
#.#.##.#..# ...
#.........# ...)
##...#.#### .....
.........


You could see Blork the orc (fast).

Vanquished Creatures
  4 orc wizards
  Ijyb (D:3)
  3 adders (D:2)
  An ufetubus (D:4)
  A worm (D:3)
  2 dart slugs
  7 orcs
  6 ball pythons
  3 endoplasms
  2 giant cockroaches
  4 goblins
  6 hobgoblins
  A quokka (D:2)
  5 bats
  A frilled lizard (D:1)
  4 kobolds
  7 rats
58 creatures vanquished.

Vanquished Creatures (others)
  A fungus (D:2)
  A plant (D:2)
2 creatures vanquished.

Grand Total: 60 creatures vanquished

Notes
Turn   | Place    | Note
-------+----------+-------------------------------------------
     0 | D:1      | freelancePsychic the Deep Elf Warper began the quest for
                  | the Orb.
     0 | D:1      | Reached XP level 1. HP: 12/12 MP: 6/6
   425 | D:1      | Reached skill level 1 in Stealth
   543 | D:1      | Reached XP level 2. HP: 17/17 MP: 8/8
  1764 | D:2      | Reached XP level 3. HP: 20/21 MP: 9/9
  1798 | D:2      | Reached skill level 1 in Ice Magic
  1928 | D:2      | Learned a level 3 spell: Frozen Ramparts
  2013 | D:2      | Found a white marble altar of Elyvilon.
  2044 | D:2      | Became a worshipper of Elyvilon the Healer
  2149 | D:2      | Found a faded altar of an unknown god.
  2737 | D:3      | Found Nowkawki's Jewellery Boutique.
  3355 | D:3      | Noticed Ijyb
  3366 | D:3      | Reached XP level 4. HP: 23/26 MP: 7/11
  3457 | D:3      | Reached * piety under Elyvilon
  3713 | D:3      | Killed Ijyb
  3714 | D:3      | Reached skill level 4 in Spellcasting
  3733 | D:3      | Reached XP level 5. HP: 20/30 MP: 9/13
  4322 | D:4      | Reached skill level 1 in Invocations
  4427 | D:4      | Noticed Blork the orc
  4510 | D:4      | Killed from afar by Blork the orc

Illustrated notes

Levels and vault maps discovered:
D:1:      dpeg_arrival_chambers_temple_mockup, layout_basic,
          chequers_serial_rivers_micro_e
D:2:      layout_loops_ring, basic_altar, shapermc_ecumenical_altar_ellora,
          roderic_roman_lattice
D:3:      layout_rooms, serial_shops, nicolae_shop_hallway_stairs,
          skrybe_limestone_x, eino_tiny_chamber, uniq_ijyb
D:4:      layout_loops_corners, uniq_blork_the_orc, uniq_robin

Skill      XL: |  1  2  3  4  5 |
---------------+----------------+-----
Stealth        | 1 |  1.4
Fighting       | 2 |  2.4
Ice Magic      | 2 3 |  3.9
Spellcasting   | 4 |  4.5
Invocations    | 1 |  1.0
Short Blades   | |  2.4
Throwing       | |  1.0
Armour         | |  0.7
Dodging        | |  2.4
Translocations | |  3.2

Action                   |  1- 3 |  4- 6 || total
-------------------------+-------+-------++-------
Melee: Short sword       |   108 |    31 ||   139
       Punch             |     1 |       ||     1
Throw: Boomerang         |     5 |       ||     5
 Cast: Frozen Ramparts   |     2 |    14 ||    16
  Use: Potion            |     3 |     3 ||     6
       Scroll            |     4 |       ||     4
 Stab: Sleeping          |     8 |     1 ||     9
Armor: Leather armour    |    28 |       ||    28
       Skin              |     3 |       ||     3
       Robe              |     3 |     7 ||    10
Dodge: Dodged            |    68 |    26 ||    94
